 Dungeon Crawl Stone Soup version 0.20-a0-1117-g62da73f (webtiles) character file.

49 theAP the Skirmisher (level 3, 0/24 HPs)
             Began as a Gargoyle Fighter on May 10, 2017.
             Slain by a gnoll
             ... wielding a +0 spear
              (5 damage)
             ... on level 2 of the Dungeon.
             The game lasted 00:01:26 (882 turns).

theAP the Skirmisher (Gargoyle Fighter)              Turns: 882, Time: 00:01:27

Health: 0/24       AC: 12    Str: 25    XL:     3   Next: 75%
Magic:  3/3        EV:  5    Int:  8    God:
Gold:   59         SH:  9    Dex:  9    Spells: 2/2 levels left

rFire    . . .     SeeInvis .   a - +0 flail
rCold    . . .     Gourm    .   c - +0 shield
rNeg     + . .     Faith    .   e - +0 chain mail
rPois    ∞         Spirit   .   (no helmet)
rElec    +         Reflect  .   (no cloak)
rCorr    .         Harm     .   (no gloves)
MR       .....                  (no boots)
Stlth    ..........             (no amulet)
Regen    0.1/turn               (no ring)
MPRegen  0.1/turn               (no ring)

@: mighty
A: negative energy resistance 1, electricity resistance, unbreathing,
petrification resistance, rot immunity, AC +3
a: no special abilities


You were on level 2 of the Dungeon.
You were not hungry.

You visited 1 branch of the dungeon, and saw 2 of its levels.

You collected 59 gold pieces.

Inventory:

Hand Weapons
 a - a +0 flail (weapon)
Armour
 b - a +0 scale mail
 c - a +0 shield (worn)
 e - a +0 chain mail (worn)
Scrolls
 n - a scroll of identify {unknown}
Potions
 g - a potion of lignification
 k - a potion of haste {unknown}
 l - 2 potions of flight {unknown}
 m - 2 potions of degeneration {unknown}
Comestibles
 f - 2 bread rations
 h - 2 meat rations
 i - a fruit
 j - a royal jelly


   Skills:
 + Level 4.1 Fighting
 * Level 3.3 Maces & Flails
 - Level 3.2 Armour
 - Level 3.2 Shields


You had 2 spell levels left.
You didn't know any spells.

Dungeon Overview and Level Annotations

Branches:
Dungeon (2/15)

Altars:


Innate Abilities, Weirdness & Mutations

You are resistant to torment.
Your stone body is resilient. (AC +3)
You are immune to poison.
You resist negative energy. (rN+)
You are resistant to electric shocks. (rElec)
You can survive without breathing.
You are immune to petrification.
You are immune to rotting.


Message History

The gnoll hits you but does no damage. The gnoll hits you but does no damage.
The gnoll barely misses you. The gnoll hits you but does no damage.
Your transformation is almost over.
The gnoll hits you from afar with a spear.
* * * LOW HITPOINT WARNING * * *
The gnoll hits you but does no damage. The gnoll hits you but does no damage.
The gnoll hits you but does no damage. The gnoll hits you but does no damage.
The gnoll hits you but does no damage. You block the gnoll's attack.
The gnoll hits you from afar with a spear.
* * * LOW HITPOINT WARNING * * *
The gnoll hits you but does no damage.
You feel less wooden.
Your +0 chain mail unmelds from your body.
The gnoll hits you from afar with a spear.
You die...

##.......##
#.........#
+.........+
#.........#
#.......# #.[...#
#g..# #)#
####@#####
#........#
######.##.###.#
#.........<##.#
#.####......#.####
######....<.......
#........###.####
#####........#
##.#.#####


You could see a gnoll.

Vanquished Creatures
  3 gnolls (D:2)
  A dart slug (D:1)
  A leopard gecko (D:1)
  2 giant cockroaches (D:1)
  3 hobgoblins (D:1)
  A kobold (D:1)
  4 frilled lizards (D:1)
  A goblin (D:1)
  3 rats (D:1)
19 creatures vanquished.

Notes
Turn   | Place    | Note
-------+----------+-------------------------------------------
     0 | D:1      | theAP the Gargoyle Fighter began the quest for the Orb.
     0 | D:1      | Reached XP level 1. HP: 14/14 MP: 1/1
   402 | D:1      | Reached XP level 2. HP: 17/19 MP: 2/2
   844 | D:2      | Reached XP level 3. HP: 11/24 MP: 3/3
   847 | D:2      | Reached skill level 4 in Fighting
   882 | D:2      | Slain by a gnoll

Vault maps used:
D:1:      dpeg_arrival_line_fractal, corexii_leaking_fountain,
          minmay_misc_feat_doors, minmay_lizard_pond
D:2:      nemelex_xobeh_ov_fountains_minmay, lemuel_blue_sif_altar,
          makhleb_altar_promises_db, uniq_robin

Skill      XL: |  1  2  3 |
---------------+----------+-----
Maces & Flails | 3 |  3.3
Fighting       | 4 |  4.1
Armour         | |  3.2
Shields        | |  3.2

Action                   || total
-------------------------++-------
Melee: Flail             ||    85
  Use: Potion            ||     2
Armor: Chain mail        ||    42
       Skin              ||    20
Dodge: Dodged            ||    24
Block: Shield            ||    45
